 Dungeon Crawl Stone Soup version 0.24.0-1-gfbc8707122 (webtiles) character file.

Game seed: 2672820100415113022, levelgen mode: deterministic

1480 Fingolfin the Skirmisher (level 9, 0/69 HPs)
             Began as a Formicid Necromancer on Oct 28, 2019.
             Was an Initiate of Nemelex Xobeh.
             Slain by an orc warrior
             ... wielding a +2 hand axe of flaming
              (4 damage)
             ... on level 6 of the Dungeon.
             The game lasted 00:19:07 (6895 turns).

Fingolfin the Skirmisher (Formicid Necromancer)     Turns: 6895, Time: 00:19:08

Health: 0/69       AC: 10    Str: 19    XL:     9   Next: 7%
Magic:  12/12      EV:  9    Int: 14    God:    Nemelex Xobeh [......]
Gold:   238        SH:  4    Dex: 11    Spells: 11/12 levels left

rFire    . . .     SeeInvis +   a - +3 great sword
rCold    . . .     Gourm    .   k - +0 buckler
rNeg     . . .     Faith    .   v - +0 chain mail
rPois    .         Spirit   .   (helmet unavailable)
rElec    .         Reflect  .   (no cloak)
rCorr    .         Harm     .   (no gloves)
MR       .....                  x - +0 pair of boots
Stlth    ..........             (no amulet)
HPRegen  0.21/turn              h - ring of stealth
MPRegen  0.13/turn              j - ring of wizardry

@: lightly drained
A: permanent stasis, dig shafts and tunnels, four strong arms, antennae 3, sense
surroundings 1, strong 1
a: Dig, Shaft Self, Draw Escape, Draw Destruction, Draw Summoning, Renounce
Religion


You were on level 6 of the Dungeon.
You worshipped Nemelex Xobeh.
Nemelex Xobeh was noncommittal.
You were near starving.

You visited 1 branch of the dungeon, and saw 6 of its levels.

You collected 238 gold pieces.

Inventory:

Hand Weapons
 a - a +3 great sword (weapon)
Armour
 k - a +0 buckler (worn)
 v - a +0 chain mail (worn)
 x - a +0 pair of boots (worn)
Jewellery
 h - a ring of stealth (left hand)
 j - a ring of wizardry (right hand)
Wands
 y - a wand of acid (5)
Scrolls
 f - 3 scrolls of remove curse
 g - a scroll of identify
 i - a scroll of random uselessness {unknown}
 l - 3 scrolls of enchant armour {unknown}
 m - 3 scrolls of amnesia
 n - 2 scrolls of magic mapping {unknown}
 t - a scroll of fog {unknown}
Potions
 b - 4 potions of flight
 c - 2 potions of haste {unknown}
 e - a potion of brilliance {unknown}
 o - a potion of ambrosia {unknown}
 q - a potion of agility
 r - 2 potions of degeneration {unknown}
 s - 2 potions of curing
 u - a potion of heal wounds {unknown}
 w - a potion of resistance
Comestibles
 d - 5 rations
 p - 3 chunks of flesh


   Skills:
 - Level 6.0(5.7) Fighting
 - Level 4.0(3.8) Armour
 - Level 4.0(3.7) Dodging
 - Level 2.4(2.1) Stealth
 - Level 4.0(3.7) Shields
 - Level 2.1(1.9) Spellcasting
 - Level 4.0(3.7) Necromancy
 + Level 4.0(3.8) Invocations
 + Level 5.0(4.8) Evocations


You had 11 spell levels left.
You knew the following spells:

 Your Spells              Type           Power        Failure   Level  Hunger
a - Pain                  Necr           ##..         22%         1    ##.....

Your spell library contained the following spells:

 Spells                   Type           Power        Failure   Level  Hunger
 Animate Skeleton         Necr           N/A          22%         1    ##.....
 Vampiric Draining        Necr           ##........   52%         3    ####...
 Regeneration             Chrm/Necr      #.........   80%         3    ####...
 Animate Dead             Necr           N/A          89%         4    #####..


Dungeon Overview and Level Annotations

Branches:
Dungeon (6/15)
 Temple: D:4-7

Altars:
Nemelex Xobeh


Innate Abilities, Weirdness & Mutations

You cannot be hasted, slowed, berserked, paralysed or teleported.
You can dig through walls and to a lower floor.
Your four strong arms can wield two-handed weapons with a shield.
You have a pair of large antennae on your head. (SInv)
You passively map a small area around you.
Your muscles are strong. (Str +2)


Message History

You dig through the rock wall.
The orc warrior hits you but does no damage.
You retract your mandibles.
You draw a card...
You have drawn Vitriol.
Press: ? - help, Shift-Dir - straight line, f - orc warrior
Aim: an orc warrior, wielding a +2 hand axe of flaming and wearing a +0 chain mail The glob of acid hits the orc warrior!
The orc warrior is splashed with acid.
The acid corrodes the orc warrior!
The orc warrior is heavily wounded.
You draw a card...
You have drawn Vitriol.
Press: ? - help, Shift-Dir - straight line, f/p - orc warrior
Aim: an orc warrior, wielding a +2 hand axe of flaming and wearing a +0 chain mail (heavily wounded, covered in acid)
The glob of acid misses the orc warrior.
The orc warrior hits you with a +2 hand axe of flaming!
* * * LOW HITPOINT WARNING * * *
The orc warrior burns you.
You die...
Your body disappears without a glow.

..##* #....#* * ,
*#.... * #....## *
...#####.....# , ,
,.........###.# * .
* ,##......# #.##
##.. , , ##.##..#
#..# #.... * *
*#.<#..####.####..#
* ,
#...............# *
,# ,
#...####@.....###
.# , , #..##
##o###..# *#.## ,{*
...## #...###.#
#.... * ....
#.##.#..## #..., .
#....., #..
##)#..##..# ..
#..#.. ,#.#
####.#..# ...
**..### , , ..
#....###.... ,,
.#.**
*#...#......#* ####
#..###......#


You could see an orc warrior.

Vanquished Creatures
  A hungry ghost (D:5)
  2 ice beasts
  An orc warrior (D:5)
  2 ogres (D:4)
  2 scorpions
  5 wights (D:5)
  A howler monkey (D:4)
  A crimson imp (D:5)
  2 bullfrog skeletons (D:5)
  3 orc priests
  2 orc wizards
  Natasha (D:2)
  A worker ant (D:4)
  A gnoll (D:4)
  11 adders
  3 shadow imps (D:4)
  3 oozes
  3 worms
  2 dart slugs
  5 leopard geckos
  11 orcs
  4 giant cockroaches
  15 goblins
  6 hobgoblins
  15 jackals
  3 quokkas
  2 ball pythons
  5 bats
  5 frilled lizards
  4 kobolds
  6 rats
128 creatures vanquished.

Notes
Turn   | Place    | Note
-------+----------+-------------------------------------------
     0 | D:1      | Fingolfin the Formicid Necromancer began the quest for the
                  | Orb.
     0 | D:1      | Reached XP level 1. HP: 13/13 MP: 3/3
    78 | D:1      | Reached skill level 1 in Fighting
   470 | D:1      | Reached XP level 2. HP: 18/22 MP: 0/5
   560 | D:1      | Reached skill level 2 in Fighting
   713 | D:1      | Gained mutation: You passively map a small area around you.
                  | [potion of mutation]
   713 | D:1      | Gained mutation: Your muscles are strong. (Str +2) [potion
                  | of mutation]
  1291 | D:1      | Reached XP level 3. HP: 20/28 MP: 0/6
  1764 | D:2      | Reached skill level 3 in Fighting
  2121 | D:2      | Reached XP level 4. HP: 33/37 MP: 7/7
  2344 | D:2      | Noticed Natasha
  2362 | D:2      | Killed Natasha
  2362 | D:2      | Reached skill level 4 in Fighting
  2586 | D:2      | Reached XP level 5. HP: 41/43 MP: 8/8
  2775 | D:3      | Reached skill level 5 in Fighting
  3237 | D:3      | Reached XP level 6. HP: 52/52 MP: 9/9
  3402 | D:3      | Reached skill level 6 in Fighting
  3574 | D:4      | Found a transporter.
  3583 | D:4      | Found a transporter.
  3640 | D:4      | Reached skill level 1 in Armour
  3640 | D:4      | Reached skill level 1 in Shields
  4491 | D:4      | Reached XP level 7. HP: 54/58 MP: 10/10
  5111 | D:4      | Reached skill level 1 in Evocations
  5385 | D:5      | Entered Level 5 of the Dungeon
  5385 | D:5      | Noticed a hungry ghost
  5432 | D:5      | Killed a hungry ghost
  5432 | D:5      | Reached XP level 8. HP: 62/64 MP: 11/11
  5957 | D:5      | Found a sparkling altar of Nemelex Xobeh.
  5961 | D:5      | Became a worshipper of Nemelex Xobeh the Trickster
  6018 | D:5      | Received a gift from Nemelex Xobeh
  6150 | D:5      | Reached skill level 1 in Invocations
  6827 | D:6      | Reached XP level 9. HP: 64/69 MP: 12/12
  6863 | D:6      | Reached skill level 5 in Evocations
  6895 | D:6      | Slain by an orc warrior

Levels and vault maps discovered:
D:1:      evilmike_arrival_plus, layout_basic
D:2:      layout_basic, uniq_natasha
D:3:      layout_rooms
D:4:      gammafunk_wand_slinger, layout_loops_corners, first_ration,
          sigmund_army
D:5:      layout_basic, nemelex_lonely_heart_becter
D:6:      layout_layer_cave, serial_shops, nicolae_shop_window_shopping,
          uniq_duvessa, uniq_edmund

Skill      XL: |  1  2  3  4  5  6  7  8  9 |
---------------+----------------------------+-----
Fighting       | 1 2 3 4 5 6 |  6.0
Armour         | 1 3 4 |  4.0
Dodging        | 2 3 4 |  4.0
Shields        | 2 3 4 |  4.0
Evocations     | 1 4 5 |  5.0
Invocations    | 3 4 |  4.0
Stealth        | |  2.4
Spellcasting   | |  2.1
Necromancy     | |  4.0

Action                   |  1- 3 |  4- 6 |  7- 9 || total
-------------------------+-------+-------+-------++-------
Melee: Unarmed           |    20 |       |       ||    20
       Dagger            |    19 |   260 |   247 ||   526
       Short sword       |    36 |       |       ||    36
       Great sword       |       |       |   101 ||   101
 Cast: Pain              |    47 |       |       ||    47
 Abil: Dig               |     6 |     7 |     7 ||    20
       Draw Destruction  |       |       |     2 ||     2
Evoke: Wand              |       |     3 |     1 ||     4
  Use: Scroll            |     3 |     2 |       ||     5
       Potion            |     1 |       |       ||     1
 Stab: Sleeping          |       |     1 |       ||     1
  Eat: Chunk             |     5 |     9 |     6 ||    20
       Ration            |       |       |     5 ||     5
Armor: Robe              |     5 |       |       ||     5
       Scale mail        |    15 |    81 |       ||    96
       Ring mail         |     6 |       |       ||     6
       Chain mail        |       |    11 |   140 ||   151
Dodge: Dodged            |    57 |    96 |   100 ||   253
Block: Buckler           |       |    23 |    72 ||    95
       Rpst.: Great sword |       |       |    18 ||    18
